 Dungeon Crawl Stone Soup version 0.29.1-15-g9cfb28693d (webtiles) character file.

Game seed: 15267304168907427807

108 Gabide the Shooter (level 4, -4/27 HPs)
             Began as a Deep Elf Hunter on Apr 8, 2023.
             Killed from afar by an orc wizard (6 damage)
             ... with a magic dart
             ... on level 3 of the Dungeon.
             The game lasted 00:02:57 (2034 turns).

Gabide the Shooter (Deep Elf Hunter)                Turns: 2034, Time: 00:02:57

Health: -4/27      AC:  4    Str:  8    XL:     4   Next: 58%
Magic:  6/6        EV: 13    Int: 14    God:
Gold:   207        SH:  0    Dex: 20    Spells: 3/3 levels left

rFire   . . .      SeeInvis .   a - +0 shortbow
rCold   . . .      Faith    .   (shield currently unavailable)
rNeg    . . .      Spirit   .   c - +0 leather armour
rPois   .          Reflect  .   (no helmet)
rElec   .          Harm     .   q - +0 cloak
rCorr   .          Rampage  .   (no gloves)
Will    .....                   (no boots)
Stlth   ++........              m - amulet of magic regeneration
HPRegen 0.09/turn               j - ring of flight
MPRegen 0.50/turn               (no ring)

@: brilliant, flying
A: no striking features
a: no special abilities


You were on level 3 of the Dungeon.
You visited 1 branch of the dungeon, and saw 3 of its levels.

You collected 207 gold pieces.

Inventory:

Hand Weapons
 a - a +0 shortbow (weapon)
Armour
 c - a +0 leather armour (worn)
 q - a +0 cloak (worn)
Jewellery
 j - a ring of flight (left hand)
 m - an amulet of magic regeneration (around neck)
Scrolls
 b - a scroll of immolation
 e - a scroll of magic mapping
 f - 2 scrolls of vulnerability
 g - a scroll of fear {unknown}
 i - a scroll of identify
 o - a scroll of teleportation
 p - a scroll of butterflies {unknown}
Potions
 d - 2 potions of cancellation
 k - a potion of mutation {unknown}
 l - a potion of brilliance
 n - 2 potions of haste {unknown}


   Skills:
 + Level 2.4 Fighting
 * Level 6.8 Ranged Weapons
 + Level 3.5 Dodging
 - Level 1.2 Stealth


You had 3 spell levels left.
You didn't know any spells.
Your spell library contained the following spells:

 Spells                   Type           Power      Damage    Failure   Level
 Freeze                   Ice            0%         1d3       38%         1
 Frozen Ramparts          Ice            0%         1d1       77%         3
 Hailstorm                Conj/Ice       0%         3d3       99%         4


Dungeon Overview and Level Annotations

Branches:
Dungeon (3/15)

Altars:
Trog


Message History

You shoot an arrow.
You hear some strange, mumbled words.
A puff of flame appears from out of thin air!
The puff of flame misses you.
Fire: a) +0 shortbow
Press: ? - help, Q - select action Shift-Dir - straight line, f - you You shoot an arrow.
Something hits you.
* * * LOW HITPOINT WARNING * * *
Unknown command.
Fire: a) +0 shortbow
Press: ? - help, Q - select action Shift-Dir - straight line, f - you You shoot an arrow.
Something hits you but does no damage.
Fire: a) +0 shortbow
Press: ? - help, Q - select action Shift-Dir - straight line, f - you You shoot an arrow.
Something hits you.
* * * LOW HITPOINT WARNING * * *
Unknown command.
You feel better. Something hits you.
Fire: a) +0 shortbow
Press: ? - help, Q - select action Shift-Dir - straight line, f - you You shoot an arrow.
Something hits you.
Fire: a) +0 shortbow
Press: ? - help, Q - select action Shift-Dir - straight line, f - you You shoot an arrow.
You hear some strange, mumbled words.
A puff of flame appears from out of thin air!
The puff of flame hits you!
* * * LOW HITPOINT WARNING * * *
Something hits you.
* * * LOW HITPOINT WARNING * * *
It was a potion of brilliance.
You feel clever all of a sudden.
You hear some strange, mumbled words.
A magic dart appears from out of thin air!
The magic dart hits you.
You die...

#.# # #.# .# #.#
###) #.# #.) #.# #{#
######># #@# ###
#...##.# #.# ..#
###...##.# #.# #.#
#........###.#######
#.#
#...................
#.#
#.......############
#.# ###...### #.#
#...# #.######.##


There were no monsters in sight!

Vanquished Creatures
  2 worms
  2 dart slugs (D:2)
  4 orcs (D:3)
  5 ball pythons
  6 bats
  9 endoplasms
  4 giant cockroaches
  8 goblins
  10 hobgoblins
  3 jackals (D:2)
  4 kobolds
  A quokka (D:1)
  6 frilled lizards
  5 rats
69 creatures vanquished.

Vanquished Creatures (others)
  An orc wizard (D:3)
1 creature vanquished.

Grand Total: 70 creatures vanquished

Notes
Turn   | Place    | Note
-------+----------+-------------------------------------------
     0 | D:1      | Gabide the Deep Elf Hunter began the quest for the Orb.
     0 | D:1      | Reached XP level 1. HP: 12/12 MP: 3/3
   155 | D:1      | Reached XP level 2. HP: 17/17 MP: 4/4
   522 | D:1      | Reached skill level 6 in Ranged Weapons
   528 | D:1      | Reached XP level 3. HP: 20/21 MP: 5/5
   776 | D:1      | Found a faded altar of an unknown god.
  1214 | D:2      | Found a bloodstained altar of Trog.
  1322 | D:2      | Reached XP level 4. HP: 26/26 MP: 6/6
  2034 | D:3      | Killed from afar by an orc wizard

Illustrated notes

Levels and vault maps discovered:
D:1:      minmay_arrival_doors, layout_loops_ring,
          ebering_ecumenical_altar_ruins
D:2:      minmay_door_path, layout_rooms, basic_altar
D:3:      layout_loops_ring

Skill      XL: |  1  2 |
---------------+-------+-----
Fighting       | 2 |  2.4
Ranged Weapons | 6 |  6.8
Dodging        | 3 |  3.5
Stealth        | |  1.2

Action                   |  1- 3 |  4- 6 || total
-------------------------+-------+-------++-------
 Fire: Shortbow          |   115 |    63 ||   178
  Use: Scroll            |       |     5 ||     5
       Potion            |       |     3 ||     3
Armor: Leather armour    |     4 |     9 ||    13
Dodge: Dodged            |    21 |     8 ||    29
